 Dungeon Crawl Stone Soup version 0.23-a0-650-ga4d50d4 (webtiles) character file.

18 4thArraOfDagon the Vexing (level 2, 0/21 HPs)
             Began as a Mummy Arcane Marksman on Jan 2, 2019.
             Slain by an adder (2 damage)
             ... on level 2 of the Dungeon.
             The game lasted 00:00:39 (134 turns).

4thArraOfDagon the Vexing (Mummy Arcane Marksman)    Turns: 134, Time: 00:00:39

Health: 0/21       AC:  2    Str: 13    XL:     2   Next: 51%
Magic:  4/4        EV: 12    Int: 12    God:
Gold:   12         SH:  0    Dex: 12    Spells: 2/3 levels left

rFire    x . .     SeeInvis .   a - +0 hand crossbow
rCold    + . .     Gourm    .   (no shield)
rNeg     + + +     Faith    .   e - +0 robe
rPois    ∞         Spirit   .   (no helmet)
rElec    .         Reflect  .   (no cloak)
rCorr    .         Harm     .   (no gloves)
MR       .....                  (no boots)
Stlth    +.........             (no amulet)
HPRegen  0.07/turn              (no ring)
MPRegen  0.09/turn              (no ring)

@: no status effects
A: no food or potions, fire vulnerability, cold resistance 1, negative energy
resistance 3, torment resistance, unbreathing
a: no special abilities


You were on level 2 of the Dungeon.
You were not hungry.

You visited 1 branch of the dungeon, and saw 2 of its levels.

You collected 12 gold pieces.

Inventory:

Hand Weapons
 a - a +0 hand crossbow (weapon)
Missiles
 d - 8 bolts (quivered)
Armour
 e - a +0 robe (worn)
Scrolls
 b - a scroll of blinking {unknown}


   Skills:
 - Level 1.0 Fighting
 * Level 2.6 Crossbows
 - Level 1.5 Dodging
 - Level 1.3 Spellcasting
 - Level 2.6 Hexes


You had 2 spell levels left.
You knew the following spells:

 Your Spells              Type           Power        Failure   Level  Hunger
a - Corona                Hex            #......      10%         1    N/A

Your spell library contained the following spells:

 Spells                   Type           Power        Failure   Level  Hunger
 Slow                     Hex            #.......     14%         2    N/A
 Inner Flame              Hex/Fire       #.......     45%         3    N/A
 Portal Projectile        Hex/Tloc       #.....       45%         3    N/A
 Cause Fear               Hex            #.........   67%         4    N/A
 Leda's Liquefaction      Hex/Erth       #.........   86%         4    N/A

Dungeon Overview and Level Annotations

Branches:
Dungeon (2/15)

Altars:


Innate Abilities, Weirdness & Mutations

You do not eat or drink.
Your flesh is vulnerable to fire.
You are immune to poison.
Your flesh is cold resistant. (rC+)
You are immune to negative energy. (rN+++)
You are immune to unholy pain and torment.
You can survive without breathing.


Message History

Aim: an adder You shoot a bolt.
The bolt misses the adder.
A rat comes into view.
The adder closely misses you.
Firing (i - inventory)
d - 11 bolts (quivered)
Press: ? - help, Shift-Dir - straight line, f/p - adder
Aim: an adder You shoot a bolt.
The bolt barely misses the adder.
The adder bites you. x2
* * * LOW HITPOINT WARNING * * *
Firing (i - inventory)
d - 10 bolts (quivered)
Press: ? - help, Shift-Dir - straight line, f/p - adder
Aim: an adder You shoot a bolt.
The bolt closely misses the adder.
The adder bites you.
* * * LOW HITPOINT WARNING * * *
The adder misses you.
Firing (i - inventory)
d - 9 bolts (quivered)
Press: ? - help, Shift-Dir - straight line, f/p - adder
Aim: an adder You shoot a bolt.
The bolt barely misses the adder.
The adder bites you.
You die...

#.........###########.#
.........## #.........#
#.........# #
#.........# #####.#
#.........# ......#
#.........#######......
...............)...#
........########@.##
.####..## #S## # #..#
.(. .... .(### ##.. ..#
.. ... ####


You could see an adder.

Vanquished Creatures
  An adder (D:2)
  2 dart slugs
  2 goblins
  A hobgoblin (D:1)
  A kobold (D:2)
7 creatures vanquished.

Notes
Turn   | Place    | Note
-------+----------+-------------------------------------------
     0 | D:1      | 4thArraOfDagon the Mummy Arcane Marksman began the quest
                  | for the Orb.
     0 | D:1      | Reached XP level 1. HP: 15/15 MP: 2/2
    62 | D:2      | Reached XP level 2. HP: 17/21 MP: 4/4
   134 | D:2      | Slain by an adder

Vault maps used:
D:1:      dpeg_arrival_pits
D:2:      uniq_terence

Skill      XL: |  1 |
---------------+----+-----
Crossbows      | 2 |  2.6
Fighting       | |  1.0
Dodging        | |  1.5
Spellcasting   | |  1.3
Hexes          | |  2.6

Action                   || total
-------------------------++-------
 Fire: Hand crossbow     ||    23
Dodge: Dodged            ||    10

Table legend:
 A = Non-vault XP
 B = Vault XP
 C = Vault XP percentage of total XP
 D = Non-vault monster count
 E = Vault monster count
 F = Vault count percentage of total count
                 A         B        C        D         E       F
            +---------+---------+-------+---------+---------+-------
      Total |      27 |       0 |   0.0 |       7 |       0 |   0.0
            +---------+---------+-------+---------+---------+-------
        D:1 |       8 |       0 |   0.0 |       3 |       0 |   0.0
        D:2 |      19 |       0 |   0.0 |       4 |       0 |   0.0
            +---------+---------+-------+---------+---------+-------
